 Dungeon Crawl Stone Soup version 0.31.0-7-gf635a9b802 (webtiles) character file.

Game seed: 3281430045999359746

20255016 bakla the Acrobat (level 27, 172/172 HPs)
             Began as a Felid Monk on Jan 23, 2024.
             Was the Champion of Wu Jian.
             Escaped with the Orb
             ... and 15 runes
             ... and 5 gems on Jan 24, 2024!
             The game lasted 04:40:44 (77311 turns).

bakla the Acrobat (Felid Monk)                     Turns: 77311, Time: 04:40:44

Health: 172/172    AC: 18    Str: 12    XL:     27
Magic:  40/40      EV: 67    Int: 21    God:    Wu Jian [******]
Gold:   8175       SH:  0    Dex: 19    Spells: 27/50 levels left
                                        Lives:  2   Deaths: 9

rFire   . .          .
                       - Unarmed
rCold   + . .        (shield unavailable)
rNeg    + . .        (body armour unavailable)
rPois   ∞            (helmet unavailable)
rElec   +            (cloak unavailable)
rCorr   .            (gloves unavailable)
SInv    +            (boots unavailable)
Will    ++++.        f - amulet of regeneration
Stlth   +++          F - ring "Hofiho Onna" {Fly rN+ AC+4 Str-5 Int+5}
HPRegen 1.28/turn    e - ring of protection from cold
MPRegen 0.27/turn

%: no passive effects
@: storm-form, flying
A: cleaving, insubstantial, flying, very small, (claws 1), (fangs 3), see
invisible, (shaggy fur 3), (stealthy paws), no weapons or thrown items, no
armour, multi-lived, (antennae 1), (iridescent scales 2), clumsy 1,
deterioration 1, inability to drink after injury 1
0: Orb of Zot
}: 15/15 runes: barnacled, slimy, silver, golden, iron, obsidian, icy, bone,
abyssal, demonic, glowing, magical, fiery, dark, gossamer
a: Blinkbolt, Begin Untransformation, Renounce Religion, Wall Jump, Serpent's
Lash, Heavenly Storm


You escaped.
You worshipped Wu Jian.
Wu Jian was exalted by your worship.
You were a lightning-filled tempest!
You visited 18 branches of the dungeon, and saw 88 of its levels.
You visited Pandemonium 3 times, and saw 20 of its levels.
You visited the Abyss 8 times.
You visited 1 bazaar.
You also visited: Bailey, Gauntlet, Ice Cave and Wizlab.

You collected 10908 gold pieces.
You spent 2733 gold pieces at shops.

Inventory:

Jewellery
 e - a ring of protection from cold (right paw)
 f - an amulet of regeneration (around neck)
 h - a ring of protection from cold
 l - the amulet of Ockienue {Reflect rF+ SH+5}
   (You found it in a wizard's laboratory)

   [amulet of reflection]

   Reflect:   It reflects blocked missile attacks.
   rF+:       It protects you from fire.
   SH+5:      It affects your SH (+5).
 n - the amulet "Vucast" {Acrobat rF+ rN+ Str-3 SInv}
   (You took it off a yaktaur captain on level 5 of the Vaults)

   [amulet of the acrobat]

   Acrobat:   It increases your evasion while moving and waiting.
   Str-3:     It affects your strength (-3).
   rF+:       It protects you from fire.
   rN+:       It protects you from negative energy.
   SInv:      It lets you see invisible.
 E - the amulet of the Sheltering Gods {Spirit Int+3}
   (You found it in a Gauntlet)

   [amulet of guardian spirit]

   Spirit:    It causes incoming damage to be divided between your reserves of
   health and magic.
   Int+3:     It affects your intelligence (+3).
 F - the ring "Hofiho Onna" (left paw) {Fly rN+ AC+4 Str-5 Int+5}
   (You found it in a Gauntlet)

   [ring of protection]

   AC+4:      It affects your AC (+4).
   Str-5:     It affects your strength (-5).
   Int+5:     It affects your intelligence (+5).
   rN+:       It protects you from negative energy.
   Fly:       It grants you flight.
 I - a ring of willpower
 O - the ring "Qeryocka" {Fire rCorr Int-3 Dex-3 Stlth+}
   (You found it on level 4 of the Shoals)

   [ring of fire]

   Fire:      It enhances your fire magic.
   Int-3:     It affects your intelligence (-3).
   Dex-3:     It affects your dexterity (-3).
   rF+:       It protects you from fire.
   rC-:       It makes you vulnerable to cold.
   rCorr:     It protects you from acid and corrosion.
   Stlth+:    It makes you more stealthy.
 S - the ring of Ijela {rCorr Str+6 Stlth+}
   (You found it on level 3 of the Spider Nest)

   [ring of strength]

   Str+6:     It affects your strength (+6).
   rCorr:     It protects you from acid and corrosion.
   Stlth+:    It makes you more stealthy.
 W - the ring "Xiemuome" {rPois Str+2 Int-4 SInv}
   (You found it on level 3 of the Elven Halls)

   [ring of see invisible]

   Str+2:     It affects your strength (+2).
   Int-4:     It affects your intelligence (-4).
   rPois:     It protects you from poison SInv: It lets you see invisible.
 Y - the ring "Voluj" {Ice rPois MP+9 Int-5}
   (You took it off a deep elf demonologist on level 3 of the Elven Halls)

   [ring of ice]

   Ice:       It enhances your ice magic.
   Int-5:     It affects your intelligence (-5).
   rF-:       It makes you vulnerable to fire.
   rC+:       It protects you from cold.
   rPois:     It protects you from poison MP+9: It affects your magic capacity
   (+9).
Talismans
 M - a storm talisman (active)
 Z - a talisman of death
Wands
 a - a wand of flame (119)
 p - a wand of digging (7)
 y - a wand of mindburst (57)
 D - a wand of polymorph (49)
 H - a wand of iceblast (65)
 N - a wand of charming (44)
 X - a wand of acid (38)
Scrolls
 d - 11 scrolls of vulnerability
 i - 36 scrolls of identify
 k - 7 scrolls of amnesia
 m - 3 scrolls of silence
 o - 4 scrolls of blinking
 r - 5 scrolls of fog
 s - 8 scrolls of fear
 t - 5 scrolls of poison
 v - 4 scrolls of teleportation
 w - a scroll of butterflies
 A - 11 scrolls of torment
 G - a scroll of revelation
 R - 11 scrolls of immolation
Potions
 b - 9 potions of mutation
 j - 8 potions of magic
 q - 15 potions of enlightenment
 u - a potion of haste
 z - 9 potions of lignification
 B - 8 potions of might
 C - 4 potions of curing
 J - 3 potions of berserk rage
 K - 9 potions of attraction
 L - 2 potions of brilliance
 U - 6 potions of invisibility
 V - a potion of ambrosia
Miscellaneous
 c - a lightning rod (4/4)
 g - a box of beasts
 x - a phial of floods
 P - a phantom mirror
 T - a tin of tremorstones (2/2)


   Skills:
 - Level 26.8 Fighting
 - Level 26.9 Dodging
 - Level 25.0 Stealth
 - Level 26.8 Unarmed Combat
 - Level 12.0 Spellcasting
 - Level 26.9 Hexes
 + Level 12.6 Summonings
 - Level 26.9 Translocations
 - Level 14.6 Evocations
 - Level 26.9 Shapeshifting


You had 27 spell levels left.
You knew the following spells:

 Your Spells              Type           Power      Damage    Failure   Level
a - Apportation           Tloc           100%       N/A       0%          1
b - Blink                 Tloc           100%       N/A       0%          2
c - Malign Gateway        Summ/Tloc      38%        N/A       1%          7
d - Enfeeble              Hex            45%        N/A       1%          7
e - Dispersal             Tloc           45%        N/A       0%          6

Your spell library contained the following spells:

 Spells                   Type           Power      Damage    Failure   Level
 Slow                     Hex            100%       N/A       0%          1
 Jinxbite                 Hex            100%       N/A       0%          2
 Lesser Beckoning         Tloc           100%       N/A       0%          2
 Confusing Touch          Hex            90%        N/A       0%          3
 Gell's Gravitas          Tloc           90%        N/A       0%          3
 Sigil of Binding         Hex            90%        N/A       0%          3
 Teleport Other           Tloc           90%        N/A       0%          3
 Manifold Assault         Tloc           90%        N/A       0%          4
 Summon Small Mammal      Summ           100%       N/A       1%          1
 Call Imp                 Summ           100%       N/A       1%          2
 Ensorcelled Hibernation  Hex/Ice        100%       N/A       1%          2
 Momentum Strike          Conj/Tloc      100%       3d10      1%          2
 Call Canine Familiar     Summ           60%        N/A       1%          3
 Dazzling Flash           Conj/Hex       100%       N/A       1%          3
 Inner Flame              Hex/Fire       62%        N/A       1%          3
 Summon Ice Beast         Ice/Summ       39%        N/A       1%          3
 Volatile Blastmotes      Fire/Tloc      100%       2d18      1%          3
 Anguish                  Hex/Necr       31%        N/A       1%          4
 Iskenderun's Mystic Bla  Conj/Tloc      62%        2d13      1%          4
 Vhi's Electric Charge    Tloc/Air       100%       N/A       1%          4
 Metabolic Englaciation   Hex/Ice        31%        N/A       1%          5
 Yara's Violent Unravell  Hex/Alch       31%        3d13      1%          5
 Martyr's Knell           Necr/Summ      39%        N/A       4%          4
 Summon Blazeheart Golem  Fire/Summ      39%        N/A       4%          4
 Summon Lightning Spire   Summ/Air       39%        N/A       4%          4
 Foxfire                  Conj/Fire      48%        2x1d6     5%          1
 Kiss of Death            Conj/Necr      48%        2d9       5%          1
 Magic Dart               Conj           48%        1d5       5%          1
 Necrotise                Necr           48%        1d6       5%          1
 Sandblast                Erth           24%        2d8       5%          1
 Shock                    Conj/Air       48%        1d6       5%          1
 Sting                    Conj/Alch      48%        1d6       5%          1
 Cigotuvi's Dreadful Rot  Necr/Alch/Air  24%        N/A       8%          2
 Mercury Vapours          Alch/Air       24%        N/A       8%          2
 Searing Ray              Conj           24%        2d5       8%          2
 Static Discharge         Conj/Air       24%        3-4/arc   8%          2
 Frozen Ramparts          Ice            24%        1d4       16%         3
 Fugue of the Fallen      Necr           12%        N/A       16%         3
 Hailstorm                Conj/Ice       12%        3d6       16%         3
 Mephitic Cloud           Conj/Alch/Air  12%        N/A       16%         3
 Ozocubu's Armour         Ice            12%        N/A       16%         3
 Stone Arrow              Conj/Erth      24%        3d8       16%         3
 Swiftness                Air            12%        N/A       16%         3
 Vampiric Draining        Necr           12%        2d6       16%         3
 Summon Hydra             Summ           30%        N/A       26%         7
 Airstrike                Air            6%         2d(1-17)  45%         4
 Animate Dead             Necr           12%        N/A       45%         4
 Dispel Undead            Necr           12%        3d9       45%         4
 Flame Wave               Conj/Fire      12%        2d6       45%         4
 Fulminant Prism          Conj/Alch      6%         3d6       45%         4
 Ignite Poison            Fire/Alch      12%        N/A       45%         4
 Leda's Liquefaction      Alch/Erth      6%         N/A       45%         4
 Olgreb's Toxic Radiance  Alch           12%        N/A       45%         4
 Petrify                  Alch/Erth      12%        N/A       45%         4
 Sticky Flame             Fire/Alch      12%        2d5       45%         4
 Alistair's Intoxication  Alch           8%         N/A       82%         5
 Arcjolt                  Conj/Air       6%         1d16      82%         5
 Borgnjor's Vile Clutch   Necr/Erth      6%         N/A       82%         5
 Curse of Agony           Necr           12%        N/A       82%         5
 Freezing Cloud           Conj/Ice/Air   6%         6-21      82%         5
 Irradiate                Conj/Alch      6%         3d13      82%         5
 Lee's Rapid Deconstruct  Erth           6%         3d6*      82%         5
 Summon Horrible Things   Summ           30%        N/A       89%         8
 Haunt                    Necr/Summ      19%        N/A       98%         7
 Spellforged Servitor     Conj/Summ      19%        N/A       98%         7
 Death Channel            Necr           6%         N/A       100%        6
 Eringya's Noxious Bog    Alch           6%         4d6       100%        6
 Sculpt Simulacrum        Ice/Alch       6%         N/A       100%        6
 Starburst                Conj/Fire      6%         6d4       100%        6
 Ozocubu's Refrigeration  Ice            6%         4d8       100%        7
 Borgnjor's Revivificati  Necr           6%         N/A       100%        8
 Ignition                 Fire           6%         3d4       100%        8
 Infestation              Necr           6%         N/A       100%        8
 Lehudib's Crystal Spear  Conj/Erth      6%         10d3      100%        8
 Maxwell's Capacitive Co  Air            6%         ∞         100%        8
 Death's Door             Necr           6%         N/A       100%        9
 Polar Vortex             Ice            6%         N/A       100%        9
 Animate Armour           Summ/Erth      Unusable   N/A       N/A         4
 Sublimation of Blood     Necr           Unusable   N/A       N/A         2

Dungeon Overview and Level Annotations

Branches:
Dungeon (15/15)            Temple (1/1) D:4            Lair (5/5) D:11
 Shoals (4/4) Lair:2       Spider (4/4) Lair:2        Slime (5/5) Lair:5
    Orc (2/2) D:12            Elf (3/3) Orc:2        Vaults (5/5) D:14
  Crypt (3/3) Vaults:3       Tomb (3/3) Crypt:3      Depths (4/4) D:15
   Hell (visited)             Dis (7/7) Hell            Geh (7/7) Hell
    Coc (7/7) Hell            Tar (7/7) Hell            Zot (5/5) Depths:4
 Bailey (visited)           IceCv (visited)          WizLab (visited)
Gauntlet (visited)

Altars:
Ashenzari
Dithmenos
Elyvilon
Fedhas
Gozag
Hepliaklqana
Kikubaaqudgha
Makhleb
Nemelex Xobeh
Okawaru
Qazlal
Ru
Sif Muna
Trog
Uskayaw
Vehumet
Wu Jian
Xom
Yredelemnul
Zin
The Shining One
Jiyva

Shops:
D:3 =   D:4 =   D:10 [?:   D:12 !*   Orc:2 ((!:   Depths:1 *   Depths:3 ?

Portals:
Hell: Depths:1 Depths:2 Depths:3 Depths:4
Abyss: Lair:5 Depths:1 Depths:3
Pandemonium: Depths:1 Depths:2 Depths:3
Ziggurat: Depths:1
Trove: D:13 (give 12 potions of heal wounds)

Annotations:
D:8 6 transporters
Lair:5 2 transporters, exclusion: obsidian statue, brilapsti's ghost, journeyman FeSu
Spider:2 Mlioglotl
Elf:2 9 runed translucent doors
Tomb:3 Khufu
Depths:1 2 transporters, Barug's ghost, adept TrMo
Depths:4 1 runed translucent door, mdonais's ghost, veteran TrEn
Zot:4 2 exclusions
Zot:5 exclusion: obsidian statue


Innate Abilities, Weirdness & Mutations

You are a lightning-filled tempest!
Your electrical attacks strike out in all directions at once.
You are incredibly evasive.
Your insubstantial body is immune to petrification, constriction, and being set on fire You are flying.
You are immune to poison.
((You have sharp claws.))
((You have razor-sharp teeth.))
You have supernaturally acute eyesight. (SInv)
((Your thick and shaggy fur keeps you warm. (AC +3, rC+)))
((Your paws help you pounce on unaware monsters.))
You are incapable of wielding weapons or throwing items.
You cannot wear armour.
You gain extra lives every three experience levels.
((You have a pair of small antennae on your head.))
((You are mostly covered in iridescent scales. (AC +4)))
You are clumsy. (Dex -2)
Your body sometimes deteriorates upon taking damage.
You occasionally lose the ability to drink potions when taking damage.


Message History

That's the wrong kind of item! (Use * to select it.) Fire/use which item? (? for menu, Esc to quit)
Okay, then.
Okay, then.
Unknown command.
Aiming: Dig
Press: ? - help, Shift-Dir - straight line This square is covered in magical glow.
The rock shatters into small pieces.
Unknown command.
There is a stone staircase leading up here.
The Orb Guardian completely misses you.
You fly upwards.
There is a stone staircase leading down here.
You blast the Orb Guardian!!!
The Orb Guardian is heavily wounded.
The Orb Guardian completely misses you.
You batter the Orb Guardian!!
The Orb Guardian is almost dead.
The Orb Guardian completely misses you.
You batter the Orb Guardian!!
Lightning courses through the Orb Guardian!
You kill the Orb Guardian!
The Council accepts your kill.
No target in view!
What level of the Dungeon? (default 1, ? - help)
Things that are here:
a +4 ring mail; a +0 club; a gnoll skeleton A rat is nearby!
There is a stone staircase leading up here.
You fly upwards.
There is a stone staircase leading down here.
What level of the Dungeon? (default 1, ? - help)
You see here a +0 whip.
You hear a grinding noise.
You hear a grinding noise.
You hear a grinding noise.
You hear a grinding noise.
There is a staircase leading out of the dungeon here.
You have escaped!

#.....#...#
#.......# #..
###########
#.......# #..
#####........
#..
#...........#
#..
#..##.......#
##.
##.....#.####.#
#. #.P...P..#.#
## #.
##.........# #.
#....v.....# ##
##.........#
#.P...P.###
##.....##
#######


There were no monsters in sight!

Vanquished Creatures
  Cerebov (Pan)
  Antaeus (Coc:7)
  Asmodeus (Geh:7)
  Gloorx Vloq (Pan)
  Mnoleg (Pan)
  the Royal Jelly (Slime:5)
  Ereshkigal (Tar:7)
  Ignacio (Pan)
  the Serpent of Hell (Coc:7)
  Lom Lobon (Pan)
  5 dread liches
  Dispater (Dis:7)
  3 orbs of fire
  6 ancient liches
  2 juggernauts
  33 royal mummies
  Sojobo (Depths:2)
  6 pandemonium lords
  Vv (Zot:4)
  4 Killer Klowns (Zot:5)
  12 caustic shrikes
  21 shard shrikes
  Margery (Vaults:3)
  Nikola (Vaults:2)
  A curse toe (Zot:5)
  13 golden dragons
  Geryon (Hell)
  16 profane servitors
  A Hellbinder (WizLab)
  Norris (Elf:2)
  Jory (Crypt:3)
  15 Tzitzimimeh
  2 bone dragons
  9 iron giants
  3 electric golems
  12 Brimstone Fiends
  3 doom hounds (Tar:3)
  7 hellephants
  3 spectral shard shrikes
  24 tentacled monstrosities
  21 Ice Fiends
  18 tainted leviathans
  19 Hell Sentinels
  Jorgrun (D:14)
  22 Orb Guardians
  8 liches
  19 titans
  5 quicksilver dragons
  Frances (Spider:1)
  A deep elf master archer (Elf:3)
  2 deep elf blademasters (Elf:3)
  13 acid blobs
  13 sphinxes
  18 searing wretches
  20 ancient champions
  12 death cobs
  Asterion (Depths:1)
  16 Executioners
  3 krakens
  A nagaraja (Pan)
  11 storm dragons
  4 revenants
  14 tengu reavers
  10 tentacled starspawn
  Ilsuiw (Shoals:4)
  14 shadow dragons
  Donald (Spider:4)
  11 azure jellies
  2 draconian monks
  A fenstrider witch (Pan)
  14 protean progenitors
  11 rockslimes
  13 narguns
  3 iron dragons
  3 draconian knights
  11 frost giants
  17 demonspawn warmongers (Pan)
  5 deep elf sorcerers
  18 fire giants
  17 vault wardens
  3 quicksilver elementals
  5 deep elf elementalists (Elf:3)
  8 draconian shifters
  A caustic shrike zombie (Crypt:3)
  3 shard shrike simulacra
  2 draconian scorchers
  3 emperor scorpions
  41 reapers
  48 balrugs
  3 curse skulls
  7 spectral caustic shrikes
  3 spectral juggernauts
  2 juggernaut zombies (Crypt:3)
  11 cacodemons (Pan)
  2 draconian stormcallers
  5 ghost moths
  A spriggan defender (Depths:3)
  2 angels (Pan)
  4 caustic shrike skeletons
  15 very ugly things
  8 draconian annihilators
  24 ironbound preservers
  8 demonspawn blood saints (Pan)
  4 quicksilver oozes
  2 orc warlords (Vaults:2)
  19 stone giants
  10 ghouls
  12 demonspawn corrupters (Pan)
  4 juggernaut skeletons (Pan)
  A formless jellyfish (Vaults:4)
  11 ironbound thunderhulks
  4 broodmothers
  18 vampire knights
  7 deep elf death magi
  7 deep elf demonologists
  5 green draconians
  12 demonspawn black suns (Pan)
  6 deep elf annihilators
  11 purple draconians
  9 elemental wellsprings
  19 putrid mouths
  12 lorocyprocas
  26 war gargoyles
  10 yellow draconians
  6 bennus (Tomb:3)
  4 starflowers (Abyss:3)
  6 white draconians
  8 black draconians
  6 red draconians
  14 dire elephants
  A minotaur (Gauntlet)
  15 wendigos
  13 spark wasps
  6 merfolk impalers
  A spectral quicksilver dragon (Tar:4)
  19 blizzard demons
  14 iron golems
  7 eidola
  6 merfolk javelineers
  5 spectral spriggans
  14 green deaths
  2 spectral krakens (Tar:7)
  16 mummy priests
  2 quicksilver dragon zombies
  15 ettins
  A spectral iron giant (Tar:6)
  10 deep elf high priests
  8 jiangshi (Crypt:3)
  A shambling mangrove (Abyss:3)
  10 fire dragons
  3 entropy weavers
  Josephine (Lair:4)
  3 crystal guardians
  7 rakshasas
  15 great orbs of eyes
  15 ice dragons
  36 vault guards
  12 yaktaur captains
  5 hydras
  A spectral tengu (Tar:2)
  8 hell beasts
  An entropy weaver (shapeshifter) (Depths:1)
  An ogre mage (Vaults:5)
  A fenstrider witch zombie (Crypt:3)
  6 salamander tyrants
  5 merfolk avatars
  2 ghost crabs (Abyss:3)
  7 caustic shrike simulacra
  2 catoblepae
  A peacekeeper (Vaults:3)
  3 juggernaut simulacra
  6 ironbound frosthearts
  7 spriggan air magi
  2 radroaches
  6 merfolk aquamancers
  8 centaur warriors
  6 spriggan skeletons
  A death knight (D:12)
  6 two-headed ogres
  A sphinx skeleton (Depths:1)
  6 jorogumos
  2 satyrs
  5 tengu warriors
  12 stokers
  A death yak (Lair:5)
  6 deep troll shamans
  20 demonic crawlers
  13 dancing weapons
  A bennu skeleton (Crypt:2)
  6 deep troll earth magi
  29 death scarabs
  2 titan zombies
  3 occultists
  4 spectral nagas
  9 vampire magi
  A spectral orc (Tar:1)
  33 hell hogs
  8 boulder beetles
  4 spriggan berserkers
  28 hell knights
  A spriggan (Depths:2)
  6 thrashing horrors
  The ghost of agentgt the Grappler, a novice CeCK of Xom (D:11)
  3 orc high priests (Orc:2)
  A shock serpent (shapeshifter) (Vaults:5)
  Sonja (Orc:2)
  10 deep elf knights
  5 hellephant skeletons (Pan)
  2 spectral dire elephants
  21 soul eaters
  84 sun demons
  A skyshark (shapeshifter) (Depths:1)
  2 fire crabs (Abyss:3)
  10 wretched stars
  12 crystal echidnas
  5 pharaoh ants
  3 spectral bunyips
  8 skysharks
  6 iron trolls
  23 skeletal warriors
  2 bunyip zombies
  22 sixfirhies
  3 flayed ghosts
  A quicksilver dragon simulacrum (Coc:3)
  7 shadow wraiths
  2 spectral anacondas
  56 deep trolls
  2 spatial maelstroms (Abyss:4)
  17 shadow demons
  8 arcanists
  5 glowing orange brains
  A bog body (Crypt:2)
  11 sun moths (Pan)
  3 orb spiders
  A deep troll (shapeshifter) (D:15)
  A swamp dragon (Zot:1)
  10 sea snakes
  11 deep elf archers
  A kraken simulacrum (Hell)
  2 bunyip skeletons
  A golden dragon skeleton (Crypt:1)
  26 harpies
  2 spectral hydras
  27 phantasmal warriors
  17 necromancers
  4 steelbarb worms
  14 ironbound convokers
  A spectral iron dragon (Tar:1)
  9 lindwurms
  8 orc knights
  2 anaconda skeletons (Tomb:1)
  18 deep elf pyromancers
  16 starcursed masses
  18 deep elf zephyrmancers
  An eleionoma zombie (Crypt:1)
  A spectral ettin (Tar:6)
  20 wolf spiders
  9 cyclopes
  5 orc sorcerers
  12 manticores
  6 shining eyes
  52 ugly things
  3 stone giant zombies
  11 fauns
  A salamander (Depths:2)
  38 large abominations
  A spectral centaur (Tar:1)
  A cyclops (shapeshifter) (Vaults:5)
  An alligator skeleton (Hell)
  A goliath frog skeleton (Crypt:2)
  An eye of devastation (shapeshifter) (Vaults:5)
  20 moths of wrath
  2 worldbinders
  3 kobold blastminers (Orc:2)
  A guardian serpent (shapeshifter) (Depths:4)
  A dire elephant zombie (Crypt:2)
  18 rust devils
  3 meliai (D:13)
  4 ice statues
  10 merfolk sirens
  4 black mambas
  14 elephants
  A naga mage (Abyss:3)
  2 naga zombies (Crypt:3)
  20 vault sentinels
  14 cane toads
  8 eyes of devastation
  2 guardian serpents (Abyss:3)
  4 apocalypse crabs
  A stone giant skeleton (Hell)
  4 water nymphs
  An elephant slug zombie (Crypt:3)
  A titan simulacrum (Coc:2)
  7 torpor snails
  A water nymph (shapeshifter) (Vaults:5)
  57 smoke demons
  A naga skeleton (Tomb:1)
  8 spectral swamp worms (Tar:7)
  3 molten gargoyles
  20 orange demons
  2 unseen horrors (shapeshifter)
  A black draconian zombie (Crypt:3)
  6 gargoyles
  24 hellions
  A red draconian zombie (Crypt:3)
  A centaur skeleton (Abyss:3)
  8 efreet
  12 freezing wraiths
  A dire elephant skeleton (Tomb:2)
  An orb spider zombie (Crypt:1)
  30 yaktaurs
  A catoblepas zombie (Crypt:2)
  A rime drake (Lair:5)
  38 tormentors
  An unseen horror skeleton (Crypt:1)
  2 tengu conjurers (Depths:4)
  A grey draconian skeleton (Crypt:1)
  A white draconian skeleton (Crypt:2)
  2 golden dragon simulacra
  9 komodo dragons
  6 ancient zymes
  A bunyip simulacrum (Coc:1)
  4 anaconda simulacra
  6 ice devils
  A hydra zombie (Hell)
  A silent spectre (Tar:6)
  3 harpy zombies
  2 iron giant simulacra
  6 spectral harpies
  7 trolls
  4 tyrant leeches
  4 polar bears
  8 red devils
  A sea snake skeleton (Hell)
  32 guardian mummies
  18 merfolk
  A wolf spider simulacrum (D:15)
  A troll (shapeshifter) (D:14)
  19 hellwings
  Prince Ribbit (D:5)
  Grinder (D:3)
  5 spriggan zombies
  A dream sheep (shapeshifter) (Abyss:1)
  7 wind drakes
  3 hornets
  15 raiju
  A glass eye (shapeshifter) (Vaults:5)
  18 blink frogs
  13 snapping turtles
  21 tarantellas
  A harpy skeleton (Crypt:2)
  4 glass eyes
  A hydra skeleton (Hell)
  2 iron dragon simulacra
  17 dream sheep
  2 black mamba zombies
  5 air elementals
  Sigmund (D:3)
  98 slime creatures
  25 jumping spiders
  2 shadows (D:10)
  4 wyverns
  4 vampires
  12 ushabtiu
  18 wraiths
  A dire elephant simulacrum (Coc:7)
  37 yaks
  21 water elementals
  26 ynoxinuls
  34 neqoxecs
  22 culicivoras
  4 golden eyes
  2 wargs
  3 basilisks
  3 fire elementals
  2 fire bats (Depths:2)
  50 redbacks
  A steam dragon (D:8)
  4 spatial vortices (Abyss:4)
  A sea snake simulacrum (Hell)
  14 small abominations
  3 vampire mosquitoes
  18 water moccasins
  39 chaos spawn
  2 nagas (Abyss:3)
  2 acid dragons
  A faun zombie (Crypt:2)
  10 harpy simulacra
  A hell hound (Depths:3)
  3 hydra simulacra
  A two-headed ogre skeleton (Crypt:2)
  26 orc warriors
  2 ice beasts
  19 laughing skulls
  6 black bears
  A sky beast (D:6)
  A hog zombie (Crypt:1)
  2 ettin simulacra
  11 centaurs
  12 wolves
  A dream sheep skeleton (Crypt:3)
  9 ogres
  3 kobold brigands
  5 weeping skulls
  6 brain worms (Pan)
  A hog skeleton (Crypt:1)
  Blork the orc (D:5)
  4 bullfrogs
  A draconian skeleton (Crypt:2)
  9 scorpions
  6 earth elementals
  A gnoll sergeant (D:9)
  3 necrophages (Crypt:3)
  A komodo dragon skeleton (Crypt:3)
  3 two-headed ogre simulacra (IceCv)
  A water moccasin zombie (D:7)
  15 wights
  An elephant simulacrum (IceCv)
  14 killer bees
  5 electric eels
  4 lava snakes (Lair:3)
  2 bullfrog zombies (D:7)
  2 bombardier beetles
  4 centaur zombies
  3 hounds
  9 iron imps
  10 jellies
  A gnoll bouda (D:8)
  22 orc priests
  17 hell rats
  A scorpion zombie (Crypt:3)
  An iguana (D:5)
  42 orc wizards
  3 polar bear simulacra (IceCv)
  2 wolf simulacra (IceCv)
  2 troll simulacra (IceCv)
  10 spriggan simulacra
  A boggart skeleton (Crypt:1)
  4 killer bee zombies (D:7)
  An acid dragon zombie (Crypt:3)
  53 mummies
  A howler monkey zombie (D:7)
  12 adders
  19 gnolls
  2 naga simulacra (IceCv)
  2 shadow imps
  3 white imps
  5 ufetubi
  A dart slug (D:4)
  A ribbon worm (Lair:2)
  82 orcs
  6 ball pythons
  3 bats (D:2)
  6 endoplasms
  4 giant cockroaches
  15 goblins
  11 hobgoblins
  6 jackals
  28 kobolds
  6 quokkas
  A ball python skeleton (Crypt:1)
  14 frilled lizards
  A jackal zombie (Crypt:3)
  An orc zombie (Crypt:2)
  2 rats (D:1)
  5 aspiring fleshes
  A creeping inferno (Geh:2)
  3 fire vortices
  3 spectral weapons
  15 starspawn tentacles
  6 tentacles
4030 creatures vanquished.

Vanquished Creatures (collateral kills)
  A profane servitor (Tar:7)
  An elemental wellspring (Coc:7)
  A mummy priest (Tomb:2)
  An iron golem (Dis:5)
  2 guardian mummies (Tomb:2)
  A snapping turtle (Shoals:4)
  An ushabti (Tomb:3)
  3 redbacks (Spider:3)
  A scorpion (Lair:2)
  2 mummies
  An adder (D:4)
  An endoplasm (D:4)
  A hobgoblin (D:4)
  A kobold (D:4)
18 creatures vanquished.

Vanquished Creatures (others)
  A Brimstone Fiend (Pan)
  An Orb Guardian (Zot:5)
  14 eldritch tentacles
  A rockslime (Slime:4)
  A quicksilver elemental (Dis:4)
  A deep elf annihilator (Pan)
  A caustic shrike simulacrum (Coc:4)
  3 stokers (Geh:7)
  A thrashing horror (Abyss:3)
  2 sun demons (Pan)
  A hell knight (Depths:4)
  A deep elf archer (Elf:3)
  2 glowing orange brains
  A spriggan simulacrum (Coc:3)
  An ugly thing (Vaults:2)
  A rust devil (Hell)
  A smoke demon (Pan)
  A snapping turtle (Shoals:2)
  An iron dragon simulacrum (Coc:2)
  A chaos spawn (Pan)
  A harpy simulacrum (Coc:2)
  An orc priest (Orc:2)
  3 orc wizards
  6 ball lightnings (Pan)
  A creeping inferno (Geh:6)
  A lurking horror (Abyss:4)
  9 starspawn tentacles
  28 tentacles
87 creatures vanquished.

Grand Total: 4135 creatures vanquished

Notes
Turn   | Place    | Note
-------+----------+-------------------------------------------
     0 | D:1      | bakla the Felid Monk began the quest for the Orb.
     0 | D:1      | Reached XP level 1. HP: 12/12 MP: 2/2
   203 | D:1      | Reached skill level 1 in Stealth
   204 | D:1      | Reached XP level 2. HP: 11/16 MP: 3/3
   243 | D:1      | Found a faded altar of an unknown god.
   717 | D:2      | Reached XP level 3. HP: 20/20 MP: 4/4
  1077 | D:2      | Gained mutation: You are partially covered in iridescent
                  | scales. (AC +2) [potion of mutation]
  1077 | D:2      | Gained mutation: You are clumsy. (Dex -2) [potion of
                  | mutation]
  1077 | D:2      | Gained mutation: Your mind is acute. (Int +4, Str/Dex -1)
                  | [potion of mutation]
  1245 | D:2      | Reached XP level 4. HP: 6/24 MP: 5/5
  1245 | D:2      | Gained a life (2 lives remaining)
  1251 | D:2      | HP: 1/24 [gnoll/+0 halberd (3)]
  1488 | D:3      | Noticed Sigmund
  1612 | D:2      | Reached skill level 1 in Shapeshifting
  1932 | D:3      | Found Aplaunak's Jewellery Emporium.
  2008 | D:2      | Reached skill level 5 in Dodging
  2114 | D:2      | Reached XP level 5. HP: 29/29 MP: 6/6
  2121 | D:3      | HP: 1/29 [orc/+2 dagger of electrocution (19)]
  2124 | D:2      | Slain by an orc
  2124 | D:2      | Lost a life (1 life remaining)
  2328 | D:3      | Found an ornate altar of the Wu Jian Council.
  2335 | D:3      | Noticed a spectral centipede
  2335 | D:3      | Noticed a spectral black mamba
  2335 | D:3      | Noticed a spectral cane toad
  2336 | D:3      | Became a worshipper of the Wu Jian Council
  2336 | D:3      | Reached * piety under Wu Jian
  2336 | D:3      | Reached ** piety under Wu Jian
  2597 | D:3      | Killed Sigmund
  2598 | D:3      | Gained mutation: You are covered in thick fur. (AC +2)
                  | [Felid growth]
  2598 | D:3      | Reached XP level 6. HP: 11/33 MP: 7/7
  2721 | D:3      | Found a glowing golden altar of the Shining One.
  2748 | D:3      | Noticed Grinder
  2791 | D:3      | Upgraded the game from 0.31.0-4-g52a2dc7128 to
                  | 0.31.0-7-gf635a9b802
  3179 | D:4      | Found Gorche Heifog's Jewellery Boutique.
  3252 | D:4      | Found a shimmering blue altar of Sif Muna.
  3455 | D:4      | Found a staircase to the Ecumenical Temple.
  3491 | D:5      | Entered Level 5 of the Dungeon
  3533 | D:5      | Reached XP level 7. HP: 38/38 MP: 8/8
  3533 | D:5      | Gained a life (2 lives remaining)
  3714 | D:5      | Found a blossoming altar of Fedhas.
  3738 | D:5      | Found a sacrificial altar of Ru.
  3739 | D:5      | Noticed Blork the orc
  4003 | D:5      | Noticed Prince Ribbit
  4167 | D:4      | Reached skill level 5 in Fighting
  4167 | D:4      | Reached skill level 5 in Unarmed Combat
  4542 | D:3      | Found an ancient bone altar of Kikubaaqudgha.
  4752 | D:3      | Killed Grinder
  4753 | D:3      | Reached skill level 5 in Stealth
  4753 | D:3      | Reached XP level 8. HP: 9/43 MP: 9/9
  4917 | D:3      | Found a white marble altar of Elyvilon.
  5237 | D:5      | Found the +6 Majin-Bo {spellvamp, MP+6 Int+6}
  5313 | D:5      | Killed Blork the orc
  5326 | D:5      | HP: 1/43 [Prince Ribbit (3)]
  5328 | D:5      | Mangled by Prince Ribbit
  5328 | D:5      | Lost a life (1 life remaining)
  5371 | D:5      | Killed Prince Ribbit
  5372 | D:5      | Reached skill level 5 in Shapeshifting
  5821 | D:6      | Reached *** piety under Wu Jian
  6411 | D:6      | Reached XP level 9. HP: 48/48 MP: 10/10
  8156 | D:3      | Bought an amulet of regeneration for 360 gold pieces
  8578 | D:8      | Found a bloodstained altar of Trog.
  8664 | D:8      | Found a transporter.
  8753 | D:8      | Found a transporter.
  8838 | D:8      | Reached XP level 10. HP: 55/55 MP: 11/11
  8838 | D:8      | Gained a life (2 lives remaining)
  8916 | D:8      | Reached **** piety under Wu Jian
  9043 | D:8      | Found a transporter.
  9047 | D:8      | Found a transporter.
  9066 | D:8      | Found a transporter.
  9072 | D:8      | Found a transporter.
  9088 | D:8      | Found a broken altar of Ashenzari.
  9352 | D:9      | Noticed a two-headed ogre
  9485 | D:9      | Identified the +0 robe "Xyhuuhomisk" {rF+ rC- Will+ Str+2
                  | Stlth+}
  9522 | D:9      | Found a hide-covered altar of Uskayaw.
  9549 | D:9      | Found a shimmering altar of Xom.
  9661 | D:9      | Killed a two-headed ogre
  9743 | D:9      | Noticed a boulder beetle
  9781 | D:10     | Entered Level 10 of the Dungeon
  9813 | D:10     | Found a glowing silver altar of Zin.
  9844 | D:10     | Found a shadowy altar of Dithmenos.
  9882 | D:10     | Found a flagged portal.
  9895 | Bailey   | Entered a bailey
  9969 | Bailey   | Identified the +3 sling of Prudence {drain, Fly rN+ MP+9
                  | Dex-4}
 10072 | Bailey   | HP: 1/56 [orc warrior/+0 war axe (10)]
 10121 | Bailey   | Reached skill level 10 in Stealth
 10279 | D:10     | HP: 2/56 [vampire/vampiric draining (16)]
 10815 | D:10     | Found a sparkling altar of Nemelex Xobeh.
 10848 | D:10     | Found an opulent altar of Gozag.
 10921 | D:10     | Found Ahuf's Magic Scroll Boutique.
 10921 | D:10     | Found Bilar's Book Boutique.
 10923 | D:10     | Found Neawk's Antique Armour Boutique.
 10929 | D:10     | Bought a scroll of fog for 60 gold pieces
 10929 | D:10     | Bought a scroll of fear for 60 gold pieces
 10929 | D:10     | Bought a scroll of teleportation for 45 gold pieces
 10929 | D:10     | Bought a scroll of poison for 60 gold pieces
 10929 | D:10     | Bought a scroll of identify for 30 gold pieces
 10929 | D:10     | Bought a scroll of identify for 30 gold pieces
 11113 | D:10     | Reached XP level 11. HP: 43/60 MP: 12/12
 11299 | D:11     | Noticed a two-headed ogre
 11693 | D:11     | Found a staircase to the Lair.
 11796 | D:11     | Killed a two-headed ogre
 12005 | D:11     | Noticed agentgt's ghost (novice CeCK)
 12018 | D:11     | Found a runed translucent door.
 12320 | D:12     | Found a staircase to the Orcish Mines.
 12365 | D:12     | Noticed a two-headed ogre
 12395 | D:12     | Noticed a two-headed ogre
 12404 | D:12     | Killed a two-headed ogre
 12404 | D:12     | Reached skill level 10 in Shapeshifting
 12546 | D:12     | Found Ysapuh's Assorted Antiques.
 12554 | D:12     | Bought a scroll of teleportation for 93 gold pieces
 12708 | D:12     | Noticed a deep elf pyromancer
 12712 | D:12     | Killed a deep elf pyromancer
 12898 | D:12     | Killed a two-headed ogre
 13015 | D:12     | Identified the +1 acid dragon scales of Space {rCorr Int+2}
 13069 | D:12     | Gained mutation: Your thick and shaggy fur keeps you warm.
                  | (AC +3, rC+) [Felid growth]
 13069 | D:12     | Reached XP level 12. HP: 62/67 MP: 13/13
 13164 | D:12     | Found Ockineqo's Distillery.
 13167 | D:12     | Bought a potion of haste for 130 gold pieces
 13167 | D:12     | Bought a potion of might for 52 gold pieces
 13167 | D:12     | Bought a potion of curing for 39 gold pieces
 13167 | D:12     | Bought a potion of curing for 39 gold pieces
 13167 | D:12     | Bought a potion of curing for 39 gold pieces
 13167 | D:12     | Bought a potion of curing for 39 gold pieces
 13333 | Lair:1   | Entered Level 1 of the Lair of Beasts
 13432 | Lair:1   | Reached skill level 10 in Unarmed Combat
 13515 | Lair:3   | Reached skill level 10 in Fighting
 13754 | Lair:5   | Entered Level 5 of the Lair of Beasts
 13882 | Lair:5   | Noticed a dire elephant
 13882 | Lair:5   | Noticed a dire elephant
 13883 | Lair:5   | Noticed a dire elephant
 13883 | Lair:5   | Noticed a dire elephant
 13917 | Lair:5   | Noticed a death yak
 13949 | Lair:5   | Killed a death yak
 14023 | Lair:5   | Noticed a dire elephant
 14038 | Lair:5   | Killed a dire elephant
 14068 | Lair:5   | Learned a level 1 spell: Apportation
 14111 | Lair:5   | Found a viscous altar of Jiyva.
 14111 | Lair:5   | Found a staircase to the Slime Pits.
 14123 | Lair:5   | Reached ***** piety under Wu Jian
 14138 | Lair:5   | Reached skill level 10 in Dodging
 14149 | Lair:5   | Reached XP level 13. HP: 74/74 MP: 14/14
 14284 | Lair:5   | Noticed brilapsti's ghost (journeyman FeSu)
 14285 | Lair:5   | Found a transporter.
 14285 | Lair:5   | Found a one-way gate to the infinite horrors of the Abyss.
 14537 | Lair:5   | Found a transporter.
 14695 | Lair:5   | HP: 1/74 [dire elephant (24)]
 14701 | Lair:5   | Killed a dire elephant
 14825 | Lair:5   | Killed a dire elephant
 14851 | Lair:5   | Killed a dire elephant
 15177 | Lair:4   | Noticed Josephine
 15336 | Lair:5   | Got an earthy gem with 1763 turns to spare
 15716 | D:11     | Killed agentgt's ghost
 15724 | D:11     | Identified a scroll of acquirement
 15725 | D:11     | Acquired a manual of Shapeshifting
 15824 | Orc:1    | Entered Level 1 of the Orcish Mines
 15982 | Orc:2    | Entered Level 2 of the Orcish Mines
 15993 | Orc:2    | Noticed Sonja
 16002 | Orc:2    | Killed Sonja
 16082 | Orc:2    | Found a frozen archway.
 16100 | IceCv    | Entered an ice cave
 16452 | IceCv    | Noticed a reaper
 16794 | Orc:2    | Found Wiciuna's Book Emporium.
 16794 | Orc:2    | Found Qunwomok's Weapon Shoppe.
 16794 | Orc:2    | Found Irghixzu's Distillery.
 16797 | Orc:2    | Found Gosuicyr's Weapon Shoppe.
 16803 | Orc:2    | Bought a potion of heal wounds for 65 gold pieces
 17082 | Orc:2    | Found a staircase to the Elven Halls.
 17088 | Orc:2    | Reached XP level 14. HP: 43/81 MP: 15/15
 18056 | D:13     | Found a sparkling altar of Nemelex Xobeh.
 18370 | D:13     | Found a portal to a secret trove of treasure.
 18833 | D:14     | Noticed Jorgrun
 18837 | D:14     | Killed Jorgrun
 18954 | D:14     | Found a gate leading to a gauntlet.
 18967 | Gauntlet | Entered a Gauntlet
 18967 | Gauntlet | Found a transporter.
 18967 | Gauntlet | Found a transporter.
 18967 | Gauntlet | Found a transporter.
 18978 | Gauntlet | Found a transporter.
 18980 | Gauntlet | Found a transporter.
 18984 | Gauntlet | Found a runed translucent door.
 18986 | Gauntlet | Found a runed translucent door.
 18988 | Gauntlet | Found a transporter.
 18991 | Gauntlet | Found a transporter.
 19002 | Gauntlet | Found a transporter.
 19017 | Gauntlet | Found a transporter.
 19034 | Gauntlet | Found a transporter.
 19037 | Gauntlet | Found a transporter.
 19047 | Gauntlet | Found a transporter.
 19182 | Gauntlet | Identified the scarf "Myofiom" {harm, Fly}
 19389 | Gauntlet | Identified the amulet of the Sheltering Gods {Spirit Int+3}
 19389 | Gauntlet | Identified the ring "Hofiho Onna" {Fly rN+ AC+4 Str-5
                  | Int+5}
 19394 | Gauntlet | Learned a level 2 spell: Blink
 19515 | D:14     | Reached skill level 1 in Translocations
 19641 | D:14     | Found a gate to the Vaults.
 19641 | D:14     | Noticed an ironbound preserver
 20679 | Lair:2   | Found a staircase to the Shoals.
 20726 | Lair:2   | Found a hole to the Spider Nest.
 20742 | Lair:2   | HP: 4/82 [five-headed hydra (14)]
 20742 | Lair:2   | Mangled by a five-headed hydra
 20742 | Lair:2   | Lost a life (1 life remaining)
 21114 | Lair:2   | Reached XP level 15. HP: 86/86 MP: 16/16
 21114 | Lair:2   | Gained a life (2 lives remaining)
 21392 | Lair:2   | Identified the +5 quarterstaff "Koirem" {flame, MP+9 Dex+2
                  | Stlth-}
 22183 | Lair:4   | Reached ****** piety under Wu Jian
 22285 | Lair:4   | Killed Josephine
 23242 | D:15     | Entered Level 15 of the Dungeon
 23361 | D:15     | Identified the +5 rapier "Dragonbane" {protect, *Rage Str+2
                  | Dex+4}
 23485 | D:15     | Found a bloodstained altar of Trog.
 23633 | D:15     | Reached skill level 15 in Dodging
 23726 | D:15     | Found a staircase to the Depths.
 24234 | Shoals:1 | Entered Level 1 of the Shoals
 24250 | Shoals:1 | Reached skill level 15 in Shapeshifting
 24734 | Shoals:1 | Noticed a kraken
 24756 | Shoals:1 | Killed a kraken
 25178 | Shoals:2 | Found a gateway to a bazaar.
 25193 | Bazaar   | Entered a bazaar
 25193 | Bazaar   | Found Acveisti's General Store.
 25203 | Bazaar   | Found Kaokk's Jewellery Boutique.
 25214 | Bazaar   | Found Ynixzeq's Antique Armour Shoppe.
 25222 | Bazaar   | Found Ojorybbu's Distillery.
 25233 | Bazaar   | Found Bokuphao's Antique Weapon Boutique.
 25267 | Bazaar   | Bought a storm talisman for 880 gold pieces
 25278 | Bazaar   | Bought a scroll of revelation for 60 gold pieces
 25278 | Bazaar   | Bought a potion of might for 32 gold pieces
 25278 | Bazaar   | Bought a potion of curing for 24 gold pieces
 25278 | Bazaar   | Bought a potion of haste for 80 gold pieces
 25330 | Shoals:2 | Reached XP level 16. HP: 93/93 MP: 17/17
 27077 | Shoals:4 | Entered Level 4 of the Shoals
 27138 | Shoals:4 | Identified the +1 morningstar of the Hated {heavy, *Corrode
                  | rElec rN+ Int+4}
 27151 | Shoals:4 | Noticed Ilsuiw
 27176 | Shoals:4 | Killed Ilsuiw
 27222 | Shoals:4 | Got a barnacled rune of Zot
 27251 | Shoals:4 | Identified the ring "Qeryocka" {Fire rCorr Int-3 Dex-3
                  | Stlth+}
 27501 | Shoals:4 | Noticed a kraken
 27512 | Shoals:4 | Killed a kraken
 27833 | Spider:1 | Entered Level 1 of the Spider Nest
 27882 | Spider:1 | Noticed Frances
 27887 | Spider:1 | Killed Frances
 28189 | Spider:1 | Reached XP level 17. HP: 45/98 MP: 18/18
 28731 | Spider:2 | Noticed Mlioglotl
 29319 | Spider:3 | Identified the ring of Ijela {rCorr Str+6 Stlth+}
 29947 | Spider:4 | Entered Level 4 of the Spider Nest
 30021 | Spider:4 | Noticed Donald
 30029 | Spider:4 | Killed Donald
 30095 | Spider:4 | Got a milky-white gem with 137 turns to spare
 30113 | Spider:4 | Got a gossamer rune of Zot
 31315 | Elf:1    | Entered Level 1 of the Elven Halls
 31526 | Elf:1    | Reached XP level 18. HP: 77/102 MP: 19/19
 31669 | Elf:2    | Identified the +5 flail of the Sixty-Six Ships {spect, rC-
                  | Will+ Stlth+}
 31760 | Elf:3    | Entered Level 3 of the Elven Halls
 32050 | Elf:3    | Noticed a Brimstone Fiend
 32074 | Elf:3    | Noticed an Ice Fiend
 32076 | Elf:3    | Noticed a Tzitzimitl
 32076 | Elf:3    | Noticed an Ice Fiend
 32114 | Elf:3    | Identified the +0 troll leather armour of the Catfish
                  | {*Corrode Regen+ Str+5}
 32116 | Elf:3    | Identified the ring "Xiemuome" {rPois Str+2 Int-4 SInv}
 32118 | Elf:3    | Noticed a Brimstone Fiend
 32151 | Elf:3    | Got a shimmering gem with 993 turns to spare
 32162 | Elf:3    | Got the Elucidation of the Sparrow
 32300 | Elf:3    | Got the Precepts of the Mighty Tundra
 32344 | Elf:3    | Identified the ring "Voluj" {Ice rPois MP+9 Int-5}
 32429 | Elf:3    | Paralysed by an air elemental for 1 turns
 32517 | Elf:3    | Found a shimmering blue altar of Sif Muna.
 32793 | Elf:2    | Identified the +7 chain mail "Ilesimuk" {+Blink rElec}
 33264 | Elf:2    | Noticed Norris
 33277 | Elf:2    | Killed Norris
 33382 | Elf:2    | Found a runed translucent gate.
 33383 | Elf:2    | Found a runed translucent gate.
 33383 | Elf:2    | Found a runed translucent gate.
 33500 | Elf:2    | Paralysed by an orc sorcerer for 3 turns
 33503 | Elf:2    | Noticed a Hell Sentinel
 33529 | Elf:2    | Found a runed translucent gate.
 33529 | Elf:2    | Found a runed translucent gate.
 33529 | Elf:2    | Found a runed translucent gate.
 33529 | Elf:2    | Found a runed translucent gate.
 33529 | Elf:2    | Found a runed translucent gate.
 33531 | Elf:2    | Found a runed translucent gate.
 33967 | Vaults:1 | Entered Level 1 of the Vaults
 34234 | Vaults:1 | Reached XP level 19. HP: 100/107 MP: 20/20
 35102 | Vaults:2 | Reached skill level 15 in Unarmed Combat
 35390 | Vaults:2 | Reached skill level 15 in Fighting
 35840 | Vaults:2 | Noticed Nikola
 35849 | Vaults:2 | Killed Nikola
 36628 | Vaults:3 | Reached XP level 20. HP: 102/114 MP: 21/21
 36738 | Vaults:3 | Noticed Margery
 36756 | Vaults:3 | Killed Margery
 37188 | Vaults:3 | Found a staircase to the Crypt.
 37188 | Vaults:3 | Found an ancient bone altar of Kikubaaqudgha.
 37189 | Vaults:3 | Found a basalt altar of Yredelemnul.
 37596 | Vaults:4 | Found a magical portal.
 37618 | WizLab   | Entered The Hall of the Hellbinder
 37824 | WizLab   | Got Ben Leipn's Volume of Support
 37836 | WizLab   | Learned a level 7 spell: Malign Gateway
 37935 | WizLab   | Found a burning altar of Makhleb.
 37935 | WizLab   | Identified the +6 lajatang "Ogeohed" {vamp, rElec}
 37935 | WizLab   | Noticed Ytheataf
 38059 | WizLab   | Killed Ytheataf the Hellbinder
 38070 | WizLab   | Got the Compendium of Beckoning
 38112 | WizLab   | Identified the amulet of Ockienue {Reflect rF+ SH+5}
 38777 | Vaults:4 | Reached XP level 21. HP: 111/121 MP: 22/22
 38967 | Vaults:5 | Entered Level 5 of the Vaults
 38972 | Vaults:5 | Reached skill level 1 in Hexes
 39015 | Vaults:5 | Noticed a dread lich
 39018 | Vaults:5 | Reached skill level 5 in Hexes
 39022 | Vaults:5 | Killed a dread lich
 39133 | Vaults:5 | Identified the +7 flail of Dim Light {vamp, +Blink rN++}
 39147 | Vaults:5 | Noticed an ancient lich
 39148 | Vaults:5 | Identified the ring of Lomn {rElec Str+5 SInv}
 39150 | Vaults:5 | Killed an ancient lich
 39172 | Vaults:5 | Reached skill level 10 in Hexes
 39386 | Vaults:5 | Got a silver rune of Zot
 39438 | Vaults:5 | Identified the amulet "Vucast" {Acrobat rF+ rN+ Str-3 SInv}
 39523 | Vaults:5 | Identified the +8 great sword of the Beginning {drain, rN+
                  | Int+2}
 39636 | Vaults:5 | Identified the +4 quarterstaff "Zoytese" {heavy, Str+3}
 39711 | Vaults:5 | Identified the +7 flail "Reteigga" {drain, Int+4 Dex+3}
 39751 | Vaults:5 | Reached XP level 22. HP: 130/131 MP: 23/23
 39767 | Vaults:5 | Noticed a golden dragon
 39775 | Vaults:5 | Killed a golden dragon
 39905 | Vaults:5 | Learned a level 7 spell: Enfeeble
 40219 | Vaults:5 | Identified the ring of Zahor {Str+4 Int-4 Dex+6}
 40571 | Slime:1  | Entered Level 1 of the Pits of Slime
 40614 | Slime:4  | Reached skill level 1 in Spellcasting
 40618 | Slime:5  | Entered Level 5 of the Pits of Slime
 40662 | Slime:5  | Gained mutation: Your body sometimes deteriorates upon
                  | taking damage. [a shining eye]
 40739 | Slime:5  | Lost mutation: Your mind is acute. (Int +4, Str/Dex -1) [a
                  | shining eye]
 40748 | Slime:5  | Found a viscous altar of Jiyva.
 40751 | Slime:5  | Noticed the Royal Jelly
 40781 | Slime:5  | Killed the Royal Jelly
 40782 | Slime:5  | Identified the +4 war axe of Immorality {venom, Dex+3
                  | Stlth-}
 40784 | Slime:5  | Got a starry gem with 406 turns to spare
 40793 | Slime:5  | Slain by an azure jelly
 40793 | Slime:5  | Lost a life (1 life remaining)
 40932 | Slime:5  | Got a slimy rune of Zot
 40994 | Slime:5  | Identified the amulet of Onirchiu {Reflect rF+ rCorr SH+5}
 41167 | Slime:4  | Gained mutation: Your magical capacity is low. (-10% MP) [a
                  | shining eye]
 42227 | Depths:1 | Entered Level 1 of the Depths
 42305 | Depths:1 | Found a gateway to Hell.
 42372 | Depths:1 | Noticed Asterion
 42381 | Depths:1 | Killed Asterion
 42434 | Depths:1 | Found Jucuc's General Store.
 42438 | Depths:1 | Bought a scroll of fog for 96 gold pieces
 42438 | Depths:1 | Bought a potion of heal wounds for 120 gold pieces
 42467 | Depths:1 | Noticed Barug's ghost (adept TrMo)
 42546 | Depths:1 | Found a transporter.
 42555 | Depths:1 | Found a transporter.
 42735 | Depths:1 | Found a one-way gate leading to the halls of Pandemonium.
 42912 | Depths:1 | Found a one-way gateway to a ziggurat.
 43345 | Depths:2 | Noticed Sojobo
 43350 | Depths:2 | Killed Sojobo
 43351 | Depths:2 | Reached skill level 5 in Spellcasting
 43384 | Depths:2 | Reached XP level 23. HP: 77/137 MP: 28/28
 43384 | Depths:2 | Gained a life (2 lives remaining)
 44482 | Depths:2 | Noticed an ancient lich
 44485 | Depths:2 | Killed an ancient lich
 44499 | Depths:2 | Identified the +9 short sword of the Enchanted Forest
                  | {flame, rC+ Will++ Dex+2 Stlth-}
 44501 | Depths:2 | Got the Teachings on the Flammable Geologist
 44570 | Depths:3 | Reached skill level 15 in Hexes
 44825 | Depths:3 | Found Piqeul's Magic Scroll Shop.
 44828 | Depths:3 | Bought a scroll of teleportation for 45 gold pieces
 44828 | Depths:3 | Bought a scroll of teleportation for 45 gold pieces
 44828 | Depths:3 | Bought a scroll of teleportation for 45 gold pieces
 44828 | Depths:3 | Bought a scroll of teleportation for 45 gold pieces
 44828 | Depths:3 | Bought a scroll of fog for 60 gold pieces
 44828 | Depths:3 | Bought a scroll of fear for 60 gold pieces
 44977 | Depths:3 | Found a glowing silver altar of Zin.
 45228 | Depths:3 | Noticed a juggernaut
 45238 | Depths:3 | Killed a juggernaut
 45541 | Depths:4 | Entered Level 4 of the Depths
 46018 | Depths:4 | Found a runed translucent door.
 46021 | Depths:4 | Noticed mdonais's ghost (veteran TrEn)
 46106 | Depths:4 | Found a gate to the Realm of Zot.
 46120 | Depths:4 | Reached XP level 24. HP: 130/145 MP: 32/32
 46363 | Zot:1    | Entered Level 1 of the Realm of Zot
 46907 | Zot:1    | Noticed an orb of fire
 46971 | Zot:1    | Killed from afar by an orb of fire
 46971 | Zot:1    | Lost a life (1 life remaining)
 47249 | Crypt:1  | Entered Level 1 of the Crypt
 47322 | Crypt:3  | Entered Level 3 of the Crypt
 47418 | Crypt:3  | Found a basalt altar of Yredelemnul.
 47456 | Crypt:3  | Identified the ring of Ashenzari's Scorn {rF- rC+ rN+
                  | Int+2}
 47456 | Crypt:3  | Noticed Jory
 47460 | Crypt:3  | Killed Jory
 47465 | Crypt:3  | Identified the +5 broad axe "Raisin" {protect, *Noise
                  | +Blink rPois rF-}
 47469 | Crypt:3  | Got an ivory gem with 1587 turns to spare
 47491 | Crypt:3  | Got Sif Muna's Handbook of Maleficent Magic
 47495 | Crypt:3  | Identified the staff of Tutuat {Will+ Str+3 Int-2 Earth}
 47883 | Crypt:3  | Slain by a skeletal warrior
 47883 | Crypt:3  | Lost a life (0 lives remaining)
 48189 | Crypt:3  | Found a staircase to the Tomb.
 49508 | Crypt:2  | Reached XP level 25. HP: 151/151 MP: 34/34
 49508 | Crypt:2  | Gained a life (1 life remaining)
 50321 | Depths:3 | Voluntarily entered the Abyss.
 50490 | Abyss:2  | Found a corrupted altar of Lugonu.
 50495 | Abyss:2  | Found a corrupted altar of Lugonu.
 50495 | Abyss:2  | Found a corrupted altar of Lugonu.
 50819 | Abyss:3  | Found a corrupted altar of Lugonu.
 50853 | Depths:3 | Escaped the Abyss
 50855 | Depths:3 | Voluntarily entered the Abyss.
 50897 | Depths:3 | Escaped the Abyss
 50899 | Depths:3 | Voluntarily entered the Abyss.
 50913 | Depths:3 | Escaped the Abyss
 50915 | Depths:3 | Voluntarily entered the Abyss.
 51086 | Abyss:3  | Found a corrupted altar of Lugonu.
 51148 | Abyss:3  | Found a corrupted altar of Lugonu.
 51440 | Depths:3 | Escaped the Abyss
 51442 | Depths:3 | Voluntarily entered the Abyss.
 51445 | Abyss:3  | Found a corrupted altar of Lugonu.
 51520 | Abyss:3  | Got an abyssal rune of Zot
 51642 | Depths:3 | Escaped the Abyss
 51714 | Pan      | Entered Pandemonium
 51759 | Pan      | Found an exit through the horrors of the Abyss.
 51786 | Pan      | Noticed Ignacio
 51792 | Pan      | Killed Ignacio
 52537 | Pan      | Noticed Xesomod the pandemonium lord
 52546 | Pan      | Killed Xesomod the pandemonium lord
 52581 | Pan      | Got a demonic rune of Zot
 52809 | Pan      | Noticed Zibuteut the pandemonium lord
 52862 | Pan      | Reached XP level 26. HP: 156/156 MP: 34/34
 52862 | Pan      | Gained a life (2 lives remaining)
 52982 | Pan      | Reached skill level 1 in Evocations
 53320 | Pan      | Noticed Agasee the pandemonium lord
 53322 | Pan      | Reached skill level 5 in Evocations
 53330 | Pan      | Killed Agasee the pandemonium lord
 53345 | Pan      | Found a huge runed translucent gate.
 53348 | Pan      | Found a huge runed translucent gate.
 53349 | Pan      | Found a huge runed translucent gate.
 53349 | Pan      | Found a huge runed translucent gate.
 53349 | Pan      | Found a huge runed translucent gate.
 53349 | Pan      | Found a huge runed translucent gate.
 53702 | Pan      | Found an exit through the horrors of the Abyss.
 53826 | Pan      | Entered the realm of Lom Lobon.
 53839 | Pan      | Noticed Lom Lobon
 53852 | Pan      | Killed Lom Lobon
 53861 | Pan      | Got a magical rune of Zot
 53895 | Pan      | Reached skill level 10 in Evocations
 54256 | Pan      | Entered the realm of Mnoleg.
 54702 | Pan      | Reached skill level 15 in Stealth
 54714 | Pan      | Noticed Mnoleg
 54723 | Pan      | Killed Mnoleg
 54940 | Pan      | Got a glowing rune of Zot
 55059 | Pan      | Entered the realm of Cerebov.
 55828 | Pan      | Found the +6 sword of Cerebov {flame}
 55828 | Pan      | Noticed Cerebov
 55852 | Pan      | Killed Cerebov
 55853 | Pan      | Reached XP level 27. HP: 127/161 MP: 22/34
 55896 | Pan      | Got a fiery rune of Zot
 56022 | Pan      | Identified the ring "Ujoinniqeo" {rCorr Str+2 Dex-4 SInv}
 56118 | Pan      | Identified the +10 dire flail of Fedhas's Hope {heavy, rN+
                  | Dex+3}
 56193 | Pan      | Reached skill level 1 in Summonings
 56230 | Pan      | Got the Commentary on Reconfiguration
 56348 | Pan      | Identified the staff "Muaddab" {rPois rCorr Str+2 Alchemy}
 56434 | Pan      | Reached skill level 5 in Translocations
 56464 | Pan      | Found an exit through the horrors of the Abyss.
 56725 | Pan      | Entered the realm of Gloorx Vloq.
 56827 | Pan      | Reached skill level 5 in Summonings
 57068 | Pan      | Reached skill level 10 in Translocations
 57109 | Pan      | Noticed Gloorx Vloq
 57122 | Pan      | Killed Gloorx Vloq
 57129 | Pan      | Got a dark rune of Zot
 57187 | Pan      | Found an exit through the horrors of the Abyss.
 57213 | Pan      | Took an exit into the Abyss.
 57213 | Abyss:3  | Escaped into the Abyss
 57245 | Depths:3 | Escaped the Abyss
 57303 | Hell     | Entered the Vestibule of Hell
 57303 | Hell     | Noticed Geryon
 57341 | Hell     | Killed Geryon
 57352 | Hell     | HP: 7/161 [blizzard demon/the air (14)]
 57427 | Hell     | HP: 7/161 [sun demon (5)]
 57642 | Hell     | Found a gateway to the Iron City of Dis.
 57765 | Hell     | Found a gateway to the decaying netherworld of Tartarus.
 57895 | Hell     | Reached skill level 10 in Summonings
 57932 | Hell     | Found a gateway to the freezing wastes of Cocytus.
 58054 | Hell     | Found a gateway to the ashen valley of Gehenna.
 58204 | Dis:1    | Entered Level 1 of the Iron City of Dis
 58319 | Dis:1    | Reached skill level 15 in Translocations
 58482 | Dis:3    | Noticed an ancient lich
 58504 | Dis:3    | Killed an ancient lich
 58565 | Dis:3    | Reached skill level 10 in Spellcasting
 58662 | Dis:4    | HP: 7/161 [war gargoyle/+0 flail (44)]
 58861 | Dis:5    | Noticed an ancient lich
 58868 | Dis:5    | Killed an ancient lich
 59351 | Dis:7    | Entered Level 7 of the Iron City of Dis
 59692 | Dis:7    | Noticed Dispater
 59731 | Dis:7    | Noticed a juggernaut
 59735 | Dis:7    | Killed a juggernaut
 59738 | Dis:7    | Killed Dispater
 59762 | Dis:7    | Got an iron rune of Zot
 59990 | Geh:1    | Entered Level 1 of Gehenna
 60885 | Geh:4    | Found a burning altar of Makhleb.
 61050 | Geh:7    | Entered Level 7 of Gehenna
 61672 | Geh:7    | HP: 7/164 [salamander tyrant (14)]
 61672 | Geh:7    | Killed from afar by a salamander tyrant
 61672 | Geh:7    | Lost a life (1 life remaining)
 62106 | Geh:7    | Found the +13 sceptre of Asmodeus
 62106 | Geh:7    | Noticed Asmodeus
 62130 | Geh:7    | Killed Asmodeus
 62157 | Geh:7    | Got an obsidian rune of Zot
 62401 | Zot:1    | Killed an orb of fire
 63060 | Zot:1    | Identified the staff of Ympam {rF+ Dex+5 Fire}
 63394 | Zot:2    | Noticed an orb of fire
 63498 | Zot:3    | Identified the +8 arbalest "Arbiter" {heavy, rC+ Str+4}
 64486 | Zot:4    | Identified the +0 robe "Vaoplall" {Stlth+}
 64553 | Zot:4    | Noticed Vv
 64564 | Zot:4    | Killed Vv
 65468 | Zot:5    | Entered Level 5 of the Realm of Zot
 65477 | Zot:5    | Found the sphere of Battle
 66487 | Coc:1    | Entered Level 1 of Cocytus
 66516 | Coc:2    | Paralysed by a wendigo for 1 turns
 66536 | Coc:3    | Gained a life (2 lives remaining)
 66955 | Coc:7    | Entered Level 7 of Cocytus
 67039 | Coc:7    | Noticed the Serpent of Hell
 67041 | Coc:7    | Killed the Serpent of Hell
 67181 | Coc:7    | Identified the +9 trident of the Antique God {spect, rC+
                  | Will+ rCorr Str-4}
 67181 | Coc:7    | Noticed Antaeus
 67208 | Coc:7    | Slain by Antaeus
 67208 | Coc:7    | Lost a life (1 life remaining)
 67358 | Coc:7    | Killed Antaeus
 67368 | Coc:7    | Got an icy rune of Zot
 67396 | Coc:7    | Got Igoiw's Spellbook of Gusts
 67566 | Tar:1    | Entered Level 1 of Tartarus
 68161 | Tar:3    | Gained a life (2 lives remaining)
 68208 | Tar:3    | HP: 7/172 [Tzitzimitl[a doom hound] (15)]
 68730 | Tar:7    | Entered Level 7 of Tartarus
 69131 | Tar:7    | Identified the +0 scale mail of Oraleod {rC+}
 69216 | Tar:7    | Noticed Ereshkigal
 69223 | Tar:7    | Killed Ereshkigal
 69243 | Tar:7    | Got a bone rune of Zot
 69248 | Tar:7    | Identified the +10 war axe of Poverty {holy, Int+2}
 69815 | Temple   | Entered the Ecumenical Temple
 70190 | Tomb:1   | Entered Level 1 of the Tomb of the Ancients
 70321 | Tomb:1   | Noticed a royal mummy
 70323 | Tomb:1   | Noticed a royal mummy
 70325 | Tomb:1   | Noticed a royal mummy
 70326 | Tomb:1   | Killed a royal mummy
 70331 | Tomb:1   | Killed a royal mummy
 70336 | Tomb:1   | Killed a royal mummy
 70555 | Tomb:2   | Noticed a royal mummy
 70555 | Tomb:2   | Noticed a royal mummy
 70558 | Tomb:2   | Noticed a royal mummy
 70559 | Tomb:2   | Noticed a royal mummy
 70568 | Tomb:2   | Killed a royal mummy
 70571 | Tomb:2   | Killed a royal mummy
 70574 | Tomb:2   | Killed a royal mummy
 70620 | Tomb:2   | Killed a royal mummy
 70790 | Tomb:1   | Noticed a royal mummy
 70790 | Tomb:1   | Noticed a royal mummy
 70790 | Tomb:1   | Noticed a royal mummy
 70791 | Tomb:1   | Killed a royal mummy
 70793 | Tomb:1   | Noticed a royal mummy
 70872 | Tomb:1   | Killed a royal mummy
 70874 | Tomb:1   | Killed a royal mummy
 70880 | Tomb:1   | Killed a royal mummy
 70880 | Tomb:1   | Noticed a royal mummy
 70886 | Tomb:1   | Killed a royal mummy
 70889 | Tomb:1   | Noticed a royal mummy
 70893 | Tomb:1   | Killed a royal mummy
 70893 | Tomb:1   | Noticed a royal mummy
 70894 | Tomb:1   | Noticed a royal mummy
 70899 | Tomb:1   | Killed a royal mummy
 70900 | Tomb:1   | Killed a royal mummy
 70905 | Tomb:1   | Noticed a royal mummy
 70913 | Tomb:1   | Killed a royal mummy
 70916 | Tomb:1   | Noticed a royal mummy
 70922 | Tomb:1   | Killed a royal mummy
 71069 | Tomb:1   | Noticed a royal mummy
 71070 | Tomb:1   | Noticed a royal mummy
 71076 | Tomb:1   | Killed a royal mummy
 71080 | Tomb:1   | Killed a royal mummy
 71081 | Tomb:1   | Noticed a royal mummy
 71091 | Tomb:1   | Killed a royal mummy
 71092 | Tomb:1   | Noticed a royal mummy
 71094 | Tomb:1   | Killed a royal mummy
 71096 | Tomb:1   | Noticed a royal mummy
 71100 | Tomb:1   | Killed a royal mummy
 71103 | Tomb:1   | Noticed a royal mummy
 71109 | Tomb:1   | Killed a royal mummy
 71110 | Tomb:1   | Noticed a royal mummy
 71112 | Tomb:1   | Noticed a royal mummy
 71115 | Tomb:1   | Killed a royal mummy
 71115 | Tomb:1   | Killed a royal mummy
 71115 | Tomb:1   | Noticed a royal mummy
 71231 | Tomb:1   | Noticed a royal mummy
 71236 | Tomb:1   | Killed a royal mummy
 71252 | Tomb:1   | Noticed a royal mummy
 71253 | Tomb:1   | Noticed a royal mummy
 71257 | Tomb:1   | Noticed a royal mummy
 71259 | Tomb:1   | Noticed a royal mummy
 71259 | Tomb:1   | Killed a royal mummy
 71265 | Tomb:1   | Killed a royal mummy
 71267 | Tomb:1   | Killed a royal mummy
 71273 | Tomb:1   | HP: 7/172 [royal mummy/divine providence (15)]
 71275 | Tomb:1   | HP: 2/172 [shot self (6)]
 71281 | Tomb:1   | Killed a royal mummy
 71281 | Tomb:1   | Killed by a royal mummy's death curse
 71281 | Tomb:1   | Lost a life (1 life remaining)
 71304 | Tomb:1   | Killed a royal mummy
 71790 | Pan      | Entered Pandemonium
 72221 | Pan      | Found an exit through the horrors of the Abyss.
 72253 | Pan      | Took an exit into the Abyss.
 72253 | Abyss:3  | Escaped into the Abyss
 72283 | Abyss:3  | Found a corrupted altar of Lugonu.
 72309 | Abyss:3  | Found a corrupted altar of Lugonu.
 72374 | Abyss:3  | Found a corrupted altar of Lugonu.
 72646 | Depths:1 | Escaped the Abyss
 72650 | Pan      | Entered Pandemonium
 72886 | Pan      | Noticed Jefan the pandemonium lord
 72893 | Pan      | Killed Jefan the pandemonium lord
 73100 | Pan      | Identified the +6 quarterstaff of Wowilol {venom, rN+}
 73178 | Pan      | Found an exit through the horrors of the Abyss.
 73241 | Pan      | Learned a level 6 spell: Dispersal
 73487 | Pan      | Noticed Guishrem the pandemonium lord
 73495 | Pan      | Killed Guishrem the pandemonium lord
 74571 | Pan      | Took an exit into the Abyss.
 74571 | Abyss:3  | Escaped into the Abyss
 74654 | Abyss:3  | Found a shimmering altar of Xom.
 74664 | Abyss:4  | Found a glowing silver altar of Zin.
 74664 | Abyss:4  | Found a corrupted altar of Lugonu.
 74670 | Abyss:4  | Found a snail-covered altar of Cheibriados.
 74672 | Abyss:4  | Found a corrupted altar of Lugonu.
 74842 | Abyss:4  | Gained mutation: You occasionally lose the ability to read
                  | scrolls when taking damage. [a cacodemon]
 74853 | Abyss:4  | Gained mutation: Your magical capacity is very low. (-20%
                  | MP) [a neqoxec]
 74863 | Abyss:4  | Gained mutation: You sometimes lose your temper in combat.
                  | [a neqoxec]
 74987 | Abyss:4  | Found a corrupted altar of Lugonu.
 75004 | Abyss:4  | Gained a life (2 lives remaining)
 75012 | Depths:1 | Escaped the Abyss
 75684 | Tomb:2   | Lost mutation: Your magical capacity is very low. (-20% MP)
                  | [potion of mutation]
 75684 | Tomb:2   | Lost mutation: You occasionally lose the ability to read
                  | scrolls when taking damage. [potion of mutation]
 75684 | Tomb:2   | Lost mutation: Your magical capacity is low. (-10% MP)
                  | [potion of mutation]
 75684 | Tomb:2   | Gained mutation: You are mostly covered in iridescent
                  | scales. (AC +4) [potion of mutation]
 75685 | Tomb:2   | Lost mutation: You sometimes lose your temper in combat.
                  | [potion of mutation]
 75685 | Tomb:2   | Lost mutation: Your body sometimes deteriorates upon taking
                  | damage. [potion of mutation]
 75685 | Tomb:2   | Gained mutation: Your natural rate of healing is unusually
                  | fast. [potion of mutation]
 75685 | Tomb:2   | Gained mutation: You have a pair of small antennae on your
                  | head. [potion of mutation]
 75703 | Tomb:3   | Entered Level 3 of the Tomb of the Ancients
 75716 | Tomb:3   | Found the +0 pair of fencer's gloves {Riposte Dex+3}
 75744 | Tomb:3   | Noticed a royal mummy
 75748 | Tomb:3   | Noticed a royal mummy
 75750 | Tomb:3   | Killed a royal mummy
 75757 | Tomb:3   | Killed a royal mummy
 75758 | Tomb:3   | Noticed a royal mummy
 75763 | Tomb:3   | Noticed Khufu
 75765 | Tomb:3   | Noticed a royal mummy
 75766 | Tomb:3   | Noticed a royal mummy
 75770 | Tomb:3   | Noticed a royal mummy
 75782 | Tomb:3   | Got a golden rune of Zot
 75784 | Tomb:3   | Noticed a royal mummy
 75784 | Tomb:3   | Noticed a royal mummy
 76475 | Zot:5    | Noticed a dread lich
 76482 | Zot:5    | Noticed an orb of fire
 76483 | Zot:5    | Killed a dread lich
 76487 | Zot:5    | Killed an orb of fire
 76492 | Zot:5    | Noticed an orb of fire
 76501 | Zot:5    | Noticed an ancient lich
 76501 | Zot:5    | Noticed an ancient lich
 76503 | Zot:5    | Killed an orb of fire
 76505 | Zot:5    | Killed an ancient lich
 76505 | Zot:5    | Noticed a dread lich
 76506 | Zot:5    | Killed an ancient lich
 76506 | Zot:5    | Noticed a dread lich
 76509 | Zot:5    | Killed a dread lich
 76511 | Zot:5    | Killed a dread lich
 76547 | Zot:5    | Got the Orb of Zot
 76558 | Zot:5    | Gained mutation: Your body sometimes deteriorates upon
                  | taking damage. [mutagenic glow]
 76570 | Zot:5    | Noticed a dread lich
 76571 | Zot:5    | Lost mutation: Your natural rate of healing is unusually
                  | fast. [mutagenic glow]
 76576 | Zot:5    | Noticed Puar the pandemonium lord
 76579 | Zot:5    | Killed a dread lich
 76580 | Zot:5    | Killed Puar the pandemonium lord
 76586 | Zot:5    | Gained mutation: You occasionally lose the ability to drink
                  | potions when taking damage. [mutagenic glow]
 76889 | D:15     | Noticed Xeogow the pandemonium lord
 76897 | D:15     | Killed Xeogow the pandemonium lord
 77311 | D:$      | Escaped with the Orb!

Illustrated notes

Levels and vault maps discovered:
D:1:      dpeg_arrival_orchard, layout_basic, ebering_ecumenical_altar_petrified
D:2:      layout_basic, nicolae_concentric_dashed_squares_wild,
          minmay_lizard_king
D:3:      layout_loops_cross, nicolae_elyvilon_temple_path,
          mainiacjoe_overflow_alcove_1, pdpol_wu_jian_five_deadly_venoms,
          mainiacjoe_overflow_chevrons, serial_shops, shop, uniq_grinder,
          uniq_sigmund
D:4:      layout_rooms, mainiacjoe_overflow_brackets,
          minmay_temple_entry_offerings, minmay_shop_enchanted_jewellery,
          chequers_hall_statues_wall_a
D:5:      layout_loops_cross, nicolae_ru_the_path_less_chosen, kennysheep_mini,
          nicolae_twisty_statue_hallways, uniq_prince_ribbit1,
          uniq_blork_the_orc
D:6:      layout_basic, minivault_25, st_stairs_7
D:7:      layout_cave_pools, serial_undead, serial_undead_e, serial_undead_d,
          serial_undead_c, serial_undead_a, serial_undead_a,
          nicolae_benzene_ring
D:8:      layout_cave_pools, lemuel_coloured_pillars_altar, ashenzari_altar_1,
          serial_nicolae_subway, nicolae_sub_station_crystal,
          nicolae_sub_station_stone, nicolae_sub_station_metal
D:9:      layout_basic, chei_slow_surprise,
          nicolae_uskayaw_murder_on_the_dancefloor,
          mainiacjoe_overflow_boulevard, minmay_mirror_moons_of_madness
D:10:     layout_basic, nicolae_overflow_hidden_temple,
          mainiacjoe_overflow_catwalk, lemuel_doored_altar,
          mainiacjoe_overflow_paths, enter_bailey_5, hangedman_decor_opposing,
          nicolae_shop_distant_corner_stores
D:11:     layout_loops_cross, erik_lair_orcish_takeover,
          hellmonk_ghost_happy_afterlife
D:12:     layout_irregular_city, hiddenorc2_lemuel, serial_shops,
          nicolae_shop_real_fake_doors, shop
D:13:     layout_roguey, nicolae_trove_entry_crystal, serial_bayou,
          serial_bayou_ford_a, serial_bayou_crossing, serial_bayou_lagoon_a,
          serial_bayou_pond_c, serial_bayou_lake_a, nemelex_altar_shiori
D:14:     layout_roguey, skrybe_vaults_entry_preservation, grunt_decor_junction,
          gauntlet_entry_generic, uniq_jorgrun
D:15:     gammafunk_enter_depths_forms, layout_basic, basic_altar,
          small_statue_alley_a
Temple:   nicolae_temple_superstar
Lair:1:   layout_concentric_octagons, grunt_megastairs_2
Lair:2:   layout_regular_city, elwin_shoals_entry_rocks,
          nicolae_spider_entry_non_spiders, enter_volcano_4, serial_rivers,
          chequers_serial_rivers_room_b, chequers_serial_rivers_small_3,
          chequers_serial_rivers_room_a, chequers_serial_rivers_room_a,
          chequers_serial_rivers_large_a, st_stairs_11
Lair:3:   cheibrodos_magma_flow, layout_regular_city
Lair:4:   layout_long_grid, uniq_josephine
Lair:5:   due_jungle_book, layout_cellular_growth, minmay_slime_entry_pillars,
          gammafunk_ghost_abyssal_escape, grunt_forest_large_clearings
Shoals:1: layout_shoals
Shoals:2: layout_shoals, serial_shops, bzr_entry_water
Shoals:3: layout_shoals
Shoals:4: shoals_end_simple, layout_shoals, shoals_ilsuiw_ice,
          nicolae_shoals_cliffside_cave
Spider:1: layout_spider_delve, uniq_frances
Spider:2: layout_spider_delve, uniq_mlioglotl
Spider:3: layout_spider_delve, nicolae_spider_claw_tunnel
Spider:4: grunt_spider_rune_parallel, uniq_donald
Slime:1:  layout_caves
Slime:2:  layout_caves
Slime:3:  layout_caves
Slime:4:  layout_caves, nicolae_slime_getting_an_eyeful
Slime:5:  slime_pit_nicolae_block_by_block
Orc:1:    layout_diamond_mine
Orc:2:    st_orc_mages, layout_diamond_mine, portal_ice_cave_entry_pillars_1,
          uniq_sonja
Elf:1:    layout_loops_cross, minmay_elf_annihilation
Elf:2:    nicolae_elf_blades_crystal_corner, layout_loops_cross,
          portal_desolation_entry_nicolae_menacing_earthworks, orc_legates,
          uniq_norris
Elf:3:    minmay_elf_hall_not_hex, layout_geoelf_octagon,
          david_defended_altar_elf
Vaults:1: grunt_vaults_swirl, nicolae_vaults_stairing_the_circle,
          nicolae_vaults_puzzle_piece, ontoclasm_vaults_spin, vaults_dpeg_ring,
          v_rooms_4, vaults_room_door_ring, ontoclasm_vaults_ring_square,
          nicolae_vaults_yaktaur_gun_rack, v_misc_14, layout_vaults_big_cross
Vaults:2: nicolae_vaults_two_Ls, nicolae_vaults_closet_pinwheel_4,
          nicolae_vaults_doubleplus_tesselated, nicolae_vaults_hallways_thing,
          vaults_room_pool, nicolae_vaults_windows_and_doors_thing, v_misc_23,
          vaults_room_corners, layout_vaults_chaotic_city, uniq_nikola
Vaults:3: st_hourglassy, minmay_crypt_entry_necro_gods,
          vaults_dpeg_emergency_exit, nicolae_vaults_cornered_office,
          vaults_mumra_hexcomb, v_misc_27, layout_vaults_quadrants, uniq_margery
Vaults:4: lightli_enter_wizlab_magi_temple, nicolae_vaults_hexular_roomagon,
          v_pattern_5, v_alt_pattern_1, ontoclasm_vaults_ring_square, v_misc_8,
          v_misc_22, nicolae_vaults_variable_pillar_hall_cross,
          vaults_mumra_hex, vaults_mumra_lcd, ontoclasm_vaults_ligature,
          hangedman_vaults_stream, nicolae_vaults_closet_pinwheel_4,
          vaults_dpeg_hooks, vaults_room_boxed, nicolae_vaults_little_squares_5,
          dpeg_vaults_monster_box, layout_vaults_omnibox
Vaults:5: serial_shops
Crypt:1:  layout_misc_corridors
Crypt:2:  layout_chaotic_city, st_stairs_5
Crypt:3:  church_of_pain_bobbens, layout_chaotic_city,
          nicolae_tomb_entry_unfolded_pyramid_orthogonal,
          serial_library_hellmonk_h_bend
Tomb:1
Tomb:2
Tomb:3
Depths:1: layout_gridlike, enter_ziggurat_a, gammafunk_ghost_mausoleum,
          serial_shops, nicolae_shop_back_alley_shop, rand_demon_pan_entry_7,
          pf_dread_powers_of_hell, hangedman_glass_teeth, abyss_entry,
          minmay_misc_feat_room, minmay_misc_feat_iff, kennysheep_just_a_vault,
          uniq_asterion
Depths:2: constructs_gauntlet_mu_hangedman, layout_gridlike,
          chequers_serial_rivers_micro_d, hellmouth_1, rand_demon_pan_entry_1,
          uniq_sojobo, uniq_josephina
Depths:3: minmay_nested_s, layout_gridville, pan_entry,
          hangedman_abyss_entry_splay, nicolae_hell_entry_hellmouth_sunbeams,
          infiniplex_staircase_pool_2, serial_shops, nicolae_shop_rolled_up,
          zin_statuary
Depths:4: grunt_zot_entry_funnels, layout_twisted_cross,
          pf_hell_entry_tar_river, ebering_ghost_reflecting_pool
Hell
Dis:1:    layout_overlapping_boxes
Dis:2:    layout_gridville
Dis:3:    layout_regular_city
Dis:4:    layout_overlapping_boxes
Dis:5:    layout_subdivisions, hangedman_dis_decor_tower
Dis:6:    layout_gridville, lemuel_dis_dragons
Dis:7:    dis_st
Geh:1:    layout_gehenna_pools_box
Geh:2:    layout_gehenna_pools_basic
Geh:3:    layout_gehenna_pools_triple
Geh:4:    layout_gehenna_lava_caves, lemuel_hellish_altar
Geh:5:    layout_gehenna_pools_basic, nicolae_hells_fiendish_ambush
Geh:6:    layout_gehenna_lava_caves
Geh:7:    evilmike_geh
Coc:1:    layout_cocytus_water_paths, nicolae_hells_seeping_fissure
Coc:2:    layout_cocytus_water_paths
Coc:3:    layout_cocytus_water_paths
Coc:4:    layout_cocytus_water_paths, serial_ice
Coc:5:    layout_cocytus_water_paths
Coc:6:    nooodl_cocytus_jagged_cave
Coc:7:    coc_grunt_cove [coc_grunt_cove_antaeus, coc_grunt_cove_fiend,
          coc_grunt_cove_fiend, coc_grunt_cove_fiend, coc_grunt_cove_fiend]
Tar:1:    layout_honeycomb
Tar:2:    layout_catacombs, nicolae_tar_cuneiform_three,
          nicolae_tar_cuneiform_city
Tar:3:    layout_cathedral_of_symmetry
Tar:4:    layout_cathedral_of_symmetry
Tar:5:    layout_cathedral_of_symmetry
Tar:6:    layout_honeycomb, nicolae_tar_cuneiform_to_be,
          nicolae_tar_spectre_spectrum
Tar:7:    tar_minmay_river
Zot:1:    layout_onion, regret_index_zotdec_under_construction,
          st_large_dragon_hoard_1
Zot:2:    gammafunk_sealed_library, layout_gridville
Zot:3:    layout_concentric_octagons, st_stairs_6
Zot:4:    layout_gridville, regret_index_zotdec_wing_it,
          st_large_dragon_hoard_2, uniq_vv
Zot:5:    layout_concentric_octagons

Skill      XL: |  1  2  3  4  5  6  7  8  9 10 11 12 13 14 15 16 17 18 19 20 21 22 23 24 25 26 27 |
---------------+----------------------------------------------------------------------------------+-----
Stealth        | 1 2 3 5 6 8 10 13 17 25 | 25.0
Shapeshifting  | 1 2 3 4 5 7 9 10 11 12 14 15 18 20 22 23 26 | 26.9
Dodging        | 5 7 10 12 14 15 17 19 20 21 22 26 | 26.9
Fighting       | 4 5 6 7 8 9 11 12 13 14 15 17 19 20 21 22 26 | 26.8
Unarmed Combat | 4 5 6 7 8 9 11 12 13 14 17 19 20 21 22 26 | 26.8
Translocations | 3 26 | 26.9
Hexes          | 12 14 16 20 26 | 26.9
Spellcasting   | 5 8 9 12 | 12.0
Evocations     | 14 | 14.6
Summonings     | 12 | 12.6

Action                     |  1- 3 |  4- 6 |  7- 9 | 10-12 | 13-15 | 16-18 | 19-21 | 22-24 | 25-27 || total
---------------------------+-------+-------+-------+-------+-------+-------+-------+-------+-------++-------
  Melee: Unarmed           |    90 |   192 |   444 |   888 |  1498 |  1528 |  1014 |  1530 |  5368 || 12552
         Bite              |    10 |    16 |    56 |   118 |   226 |   189 |       |    91 |   223 ||   929
         Punch             |     1 |     2 |    15 |    49 |   144 |   177 |   132 |   256 |  1068 ||  1844
         Maw               |       |       |       |   133 |   563 |   477 |       |       |       ||  1173
   Cast: Apportation       |       |       |       |     1 |       |       |       |       |       ||     1
         Enfeeble          |       |       |       |       |       |       |       |       |    10 ||    10
         Malign Gateway    |       |       |       |       |       |       |       |       |    14 ||    14
 Invoke: Serpent's Lash    |       |       |     4 |    18 |    25 |    24 |    10 |    19 |    73 ||   173
         Heavenly Storm    |       |       |       |       |     1 |     3 |     1 |     2 |    14 ||    21
Ability: Lunge             |       |     8 |    23 |    68 |   141 |   146 |    79 |   122 |   528 ||  1115
         Whirlwind         |       |     4 |    54 |   196 |   609 |   811 |   306 |   314 |  1281 ||  3575
         Wall Jump         |       |       |       |       |       |     2 |       |     1 |     1 ||     4
         Blinkbolt         |       |       |       |       |       |       |    39 |    35 |    56 ||   130
  Evoke: Wand              |       |     2 |    18 |    23 |    46 |     4 |       |     1 |    17 ||   111
         Phial of floods   |       |       |       |     1 |       |     1 |       |       |       ||     2
         Box of beasts     |       |       |       |       |     2 |     2 |       |       |     1 ||     5
         Phantom mirror    |       |       |       |       |       |     1 |       |     1 |     4 ||     6
         Tin of tremorston |       |       |       |       |       |       |       |       |     1 ||     1
    Use: Potion            |     2 |     3 |     1 |     2 |    10 |    10 |     1 |     5 |    43 ||    77
         Scroll            |       |     2 |     9 |    16 |     8 |     6 |     1 |     9 |    36 ||    87
   Stab: Sleeping          |     4 |     6 |    11 |    30 |    70 |    46 |    18 |    43 |    76 ||   304
         Distracted        |       |     3 |     2 |     2 |     6 |     5 |     3 |     8 |    64 ||    93
         Fleeing           |       |       |       |       |     1 |       |       |       |       ||     1
         Invisible         |       |       |       |       |       |     4 |       |       |     1 ||     5
         Petrified         |       |       |       |       |       |       |       |       |     5 ||     5
         Paralysed         |       |       |       |       |       |       |       |       |     4 ||     4
         Petrifying        |       |       |       |       |       |       |       |       |     3 ||     3
         Held in net/web   |       |       |       |       |       |       |       |       |     2 ||     2
         Confused          |       |       |       |       |       |       |       |       |     1 ||     1
 Armour: Skin              |    32 |    53 |   124 |   201 |   297 |   323 |   150 |   288 |   749 ||  2217
  Dodge: Dodged            |    72 |   196 |   346 |   672 |  1219 |  1473 |   876 |  1171 |  4150 || 10175
   Form: Blade             |       |       |       |     1 |       |       |       |       |       ||     1
         Maw               |       |       |       |     1 |       |     1 |       |       |       ||     2
         Storm             |       |       |       |       |       |     2 |       |       |     6 ||     8
         Death             |       |       |       |       |       |       |       |     1 |     7 ||     8
                           |       |       |       |       |       |       |       |       |     4 ||     4
